Description

This is Clem's 1/1/1 into Fast 3rd CC with Hellions against Serral (Zerg) in the Grand Final of the Maestros of the Game tournament (27/09/2025).

Your main army composition should be 6 Medivacs, Marines and Widow Mines. Potentially you still have your scouting party composed of 1 Reaper and 4 Hellions. 4 of those 6 Medivacs should be in the frontline with your army, the other 2 should be at your Rally Point in front of your Natural to defend against counterattacks.

VOD

https://youtu.be/JFUe2O9yJ7A?t=13

Build Order

Get SALT Encoding   

  14  0:17  Supply Depot  Built it at your ramp with you first SCV produced
  16  0:42  Barracks  Build Reaper into Marine then Reactor, use builder to scout
  16  0:43  Refinery  Saturate it right away
  19  1:27  Reaper, Orbital Command  Scout opponent, When finish resume SCV production and constantly drop MULEs
  20  1:39  Command Center  Turn it into Orbital Command right away
  20  1:47  Supply Depot  Built it to finish your wall in ramp
  21  1:59  Marine  Rally in front of your natural
  23  2:10  Factory  Swap it for the Barracks to use the Reactor for Hellion production
  24  2:21  Barracks Reactor  Swap with Factory right away
  26  2:41  Command Center  Built it in the high ground (your main)
  26  2:51  Orbital Command  After finish continuously build SCVs and drop MULEs
  27  2:59  Starport  Build a Liberator right away and rally to the other side of the map
  27  3:03  Refinery  Saturate it right away
  28  3:10  Hellion x4  Rally them to your Reaper, build a total of 4 Hellions
  35  3:30  Barracks Tech Lab  Research Stim Pack right away
  42  3:42  Liberator  Send it to undermine the opponent's mineral line
  45  3:48  Marine  Continuously build marines, research Stim Pack
  46  3:52  Orbital Command  After finish continuously build SCVs and drop MULEs until natural is saturated then lift to your 3rd expansion location
  52  4:04  Supply Depot  
  53  4:07  Stimpack  After it finishes, research Combat Shields
  57  4:27  Barracks x2  Build 2 Reactors
  57  4:29  Starport Reactor  Build 6 Medivacs
  58  4:30  Supply Depot  
  59  4:32  Factory Reactor  Swap and build another Reactor
  61  4:36  Refinery x2  Saturate them right away
  62  4:45  Engineering Bay x2  Research +1 Weapons and +1 Armor
  65  4:58  Supply Depot  
  62  5:09  Barracks x2  Build 2 Reactors
  64  5:16  Terran Infantry Weapons Level 1, Terran Infantry Armor Level 1  
  68  5:24  Supply Depot  
  71  5:26  Factory Reactor  Build Widow Mines
  73  5:30  Medivac x2  Build up to 6 Medivacs
  78  5:39  Supply Depot x2  
  81  5:47  Combat Shield  
  87  5:58  Barracks Reactor x2  
  94  6:05  Medivac x2  
  94  6:09  Armory  Enable +2 Weapons and +2 Armor
  104  6:22  Widow Mine x2  
  112  6:33  Refinery  Saturate it right away
  112  6:34  Factory  Build a Tech Lab and research Drilling Claws
  112  6:39  Supply Depot  
  112  6:45  Widow Mine x2  
  114  6:46  Medivac  Stop Medivac production, replace them if any gets destroyed
  127  7:01  Supply Depot  
  128  7:07  Command Center  Build a Planetary Fortress
Spawning Tool Build Advisor. Get it on Overwolf

Analysis

Your first scout is the SCV that built your first Barracks.

Then scout with your Reaper.

Follow up by adding 4 Hellions to your scout party, try to deny creep and potentially undermine their economy by finding a breach in their defenses.

Build 6 Medivacs to support your armies.

At the 7:00 minute mark you should have two separate groups on the other side of the map clearing up creep. Backed up by 4 Medivacs.

Then join forces and attack the most vulnerable base your opponent has, it should be the one closer to the middle of the map. Your army should consist of Marines, Widow Mines, and 4 Medivacs.

Don't forget to leave 2 Medivacs at home with a few troops to defend against counterattacks, such as Zergling Run-Bys.

Go to:

Details

  • Created by: toxicSAM
  • Published on: Jan 30, 2026
  • Modified on: Jan 30, 2026
  • Patch: 5.0.11
  • Difficulty: Hard
Show
View Real Time Build Order
Export as new Build Order

Comments (0)

There are no comments. Be the first!

Create an account to comment!